 Dungeon Crawl Stone Soup version 0.21-a0-442-g848f44b (webtiles) character file.

12552 slep the Carver (level 11, -1/84 HPs)
             Began as a Demonspawn Monk on Nov 13, 2017.
             Was the Champion of Okawaru.
             Slain by an eight-headed hydra (10 damage)
             ... on level 2 of the Lair of Beasts.
             The game lasted 01:34:39 (9239 turns).

slep the Carver (Demonspawn Monk)                   Turns: 9239, Time: 01:34:40

Health: -1/84      AC: 14    Str: 12    XL:     11   Next: 63%
Magic:  0/11       EV: 12    Int: 19    God:    Okawaru [******]
Gold:   705        SH:  0    Dex: 20    Spells: 8/10 levels left

rFire    x . .     SeeInvis .   Z - +5 dire flail "Qimpaidi" {venom, Int+5}
rCold    . . .     Gourm    .   (shield currently unavailable)
rNeg     + + +     Faith    .   w - +0 chain mail "Ekih Des" {rF- rN+++ MR- Regen+} (curse)
rPois    .         Spirit   +   (helmet restricted)
rElec    .         Reflect  .   f - scarf {repulsion}
rCorr    +         Harm     .   E - +0 pair of gloves
MR       .....     Clarity  +   N - +1 pair of boots
Stlth    ..........             k - amulet of regeneration
HPRegen  1.04/turn              u - ring of resist corrosion
MPRegen  0.12/turn              y - ring of flight

@: repel missiles
A: antennae 1, hooves 1, agile 1, blurry vision 1, clarity, clever 1, powered by
death 2, shaggy fur 1, magic shield, sturdy frame 2
a: Heroism, Finesse, Renounce Religion, Evoke Flight


You were on level 2 of the Lair of Beasts.
You worshipped Okawaru.
Okawaru was exalted by your worship.
You were not hungry.

You visited 3 branches of the dungeon, and saw 12 of its levels.

You collected 705 gold pieces.

Inventory:

Hand Weapons
 G - a +4 short sword of piercing
 R - a +2 hunting sling of flaming
 Z - the +5 dire flail "Qimpaidi" (weapon) {venom, Int+5}
   (Okawaru gifted it to you on level 1 of the Lair of Beasts)

   It poisons the flesh of those it strikes.
   It affects your intelligence (+5).
Missiles
 m - 3 javelins of penetration
 K - 19 tomahawks (quivered)
Armour
 f - a scarf of repulsion (worn)
 i - a +1 leather armour of poison resistance
 w - the cursed +0 chain mail "Ekih Des" (worn) {rF- rN+++ MR- Regen+}
   (You found it on level 2 of the Lair of Beasts)

   It makes you vulnerable to fire.
   It renders you almost immune to negative energy.
   It affects your resistance to hostile enchantments.
   It increases your rate of regeneration.
   It has a curse placed upon it.
 E - a +0 pair of gloves (worn)
 N - a +1 pair of boots (worn)
 W - a +2 cloak of invisibility
Jewellery
 k - an amulet of regeneration (around neck)
 u - a ring of resist corrosion (left hand)
 y - a ring of flight (right hand)
Wands
 d - a wand of scattershot (6/9)
 e - a wand of acid (5/15)
 t - a wand of polymorph (16/24)
 z - a wand of digging (14/24)
 L - a wand of clouds (5/9)
 O - a wand of paralysis (17/24)
 T - a wand of polymorph (6/24)
Scrolls
 h - a scroll of fog
 l - 3 scrolls of enchant armour
 o - 6 scrolls of teleportation
 q - 7 scrolls of remove curse
 s - 3 scrolls of blinking
 v - 2 scrolls of amnesia
 x - 2 scrolls of magic mapping
 B - 5 scrolls of identify
 D - 5 scrolls of enchant weapon
Potions
 a - a potion of cancellation
 b - a potion of lignification
 g - 2 potions of heal wounds
 n - a potion of resistance
 p - 2 potions of ambrosia
 r - a potion of flight
 F - 2 potions of brilliance
 Q - 2 potions of haste
 S - 2 potions of invisibility
 V - 2 potions of curing
 Y - a potion of magic
Books
 I - a book of Callings

   Spells                             Type                      Level
   a - Summon Small Mammal            Summoning                    1
   b - Call Imp                       Summoning                    2
   c - Call Canine Familiar           Summoning                    3
   d - Summon Guardian Golem          Hexes/Summoning              3
   e - Summon Lightning Spire         Summoning/Air                4
   f - Summon Ice Beast               Ice/Summoning                4
 M - a book of Minor Magic

   Spells                             Type                      Level
   a - Magic Dart                     Conjuration                  1
   b - Blink                          Translocation                2
   c - Call Imp                       Summoning                    2
   d - Slow                           Hexes                        2
   e - Conjure Flame                  Conjuration/Fire             3
   f - Mephitic Cloud                 Conjuration/Poison/Air       3
Comestibles
 c - 5 bread rations
 j - 4 meat rations
 A - 3 royal jellies
 P - 10 fruits
 X - 11 chunks of flesh


   Skills:
 + Level 7.3 Fighting
 + Level 3.2(6.7) Short Blades
   Level 9.2(9.5) Long Blades
 + Level 6.0 Maces & Flails
 + Level 0.6 Throwing
 + Level 5.5 Armour
 + Level 7.8 Dodging
 + Level 5.1 Stealth
   Level 5.1 Shields
 + Level 0.2 Evocations


You had 8 spell levels left.
You knew the following spells:

 Your Spells              Type           Power        Failure   Level  Hunger
a - Blink                 Tloc           N/A          88%         2    ###....


Dungeon Overview and Level Annotations

Branches:
Dungeon (9/15)             Temple (1/1) D:6            Lair (2/6) D:8
  Swamp: Lair:2-4    Shoals: Lair:2-4     Snake: Lair:2-4    Spider: Lair:2-4
    Orc: D:9-12

Altars:
Ashenzari
Cheibriados
Dithmenos
Elyvilon
Fedhas
Gozag
Hepliaklqana
Kikubaaqudgha
Makhleb
Nemelex Xobeh
Okawaru
Qazlal
Ru
Sif Muna
Trog
Uskayaw
Vehumet
Wu Jian
Xom
Yredelemnul
Zin
The Shining One

Shops:
D:4 }%   D:7 [


Innate Abilities, Weirdness & Mutations

You have large cloven feet.
You regenerate health from kills.
When hurt, damage is shared between your health and your magic reserves.
Your movements are less encumbered by armour. (ER -4)
You have a pair of small antennae on your head.
You are agile. (Dex +2)
Scrolls take you a little longer to read.
You possess an exceptional clarity of mind.
Your mind is acute. (Int +2)
You are covered in fur. (AC +1)


Message History

The eight-headed hydra bites you. x2
* * * LOW HITPOINT WARNING * * *
The eight-headed hydra bites you.
* * * LOW HITPOINT WARNING * * *
The eight-headed hydra bites you.
* * * LOW HITPOINT WARNING * * *
The eight-headed hydra bites you!
* * * LOW HITPOINT WARNING * * *
The eight-headed hydra bites you but does no damage.
Really read with blurry vision while enemies are nearby? [Y]es or [N]o only, please.
Really read with blurry vision while enemies are nearby? [Y]es or [N]o only, please.
Really read with blurry vision while enemies are nearby?
Uppercase [Y]es or [N]o only, please.
Really read with blurry vision while enemies are nearby?
You begin reading the scroll.
You continue reading the scroll.
The eight-headed hydra closely misses you. x2
The eight-headed hydra bites you!
You die...

........#
#.......#
#.......#
#....(..##
#....(..P#
##.......#
#.....D..##
#.....@...#
##.......##
#.........#
##.......##
#.......#
#.......#
##.......#
#P.[.....##
##........#


You could see an eight-headed hydra.

Vanquished Creatures
  Erolcha (D:9)
  2 two-headed ogres
  A black mamba (Lair:1)
  Maurice (D:9)
  Joseph (D:7)
  A gargoyle (D:8)
  2 spiny frogs (Lair:1)
  2 komodo dragons
  The ghost of jaclynhyde the Cleaver, an amateur HOBe of Trog (D:5)
  A hornet (D:8)
  4 hippogriffs
  14 yaks
  A hungry ghost (D:8)
  Edmund (D:6)
  Menkaure (D:7)
  3 water moccasins
  11 porcupines
  2 ice beasts
  3 sky beasts
  An ogre (D:8)
  A black bear (D:9)
  5 centaurs
  5 bullfrogs
  A wyvern zombie (D:9)
  A wyvern skeleton (D:6)
  3 scorpions
  9 killer bees
  A howler monkey (D:7)
  2 crimson imps
  8 orc priests
  A quasit (D:6)
  4 hounds
  A jelly (D:5)
  A centaur skeleton (D:8)
  An iguana (D:9)
  13 orc wizards
  Ijyb (D:5)
  2 worker ants
  A killer bee zombie (D:9)
  Robin (D:3)
  A worker ant zombie (D:7)
  4 gnolls (D:5)
  8 adders
  2 shadow imps (D:7)
  An ooze (D:1)
  2 worms
  3 dart slugs
  6 leopard geckos
  26 orcs
  7 giant cockroaches
  11 goblins
  8 hobgoblins
  7 jackals
  3 ball pythons
  5 bats
  6 frilled lizards
  12 kobolds
  A leopard gecko skeleton (D:5)
  A quokka zombie (D:9)
  6 rats
236 creatures vanquished.

Vanquished Creatures (others)
  Sigmund (D:6)
  A crimson imp (D:7)
  2 plants (Lair:2)
4 creatures vanquished.

Grand Total: 240 creatures vanquished

Notes
Turn   | Place    | Note
-------+----------+-------------------------------------------
     0 | D:1      | slep the Demonspawn Monk began the quest for the Orb.
     0 | D:1      | Reached XP level 1. HP: 18/18 MP: 1/1
    97 | D:1      | Reached skill level 3 in Long Blades
   102 | D:1      | Gained mutation: Your movements are slightly less encumbered by armour. (ER -2) [demonic ancestry]
   102 | D:1      | Reached XP level 2. HP: 23/24 MP: 2/2
   415 | D:1      | Gained mutation: You regenerate a little health from kills. [demonic ancestry]
   415 | D:1      | Reached XP level 3. HP: 13/29 MP: 3/3
   923 | D:2      | Gained mutation: When hurt, damage is shared between your health and your magic reserves. [demonic ancestry]
   923 | D:2      | Reached XP level 4. HP: 31/35 MP: 4/4
  1141 | D:3      | You fall through a shaft!
  1297 | D:3      | Noticed a sky beast
  1338 | D:3      | Killed a sky beast
  1338 | D:3      | Reached skill level 4 in Long Blades
  1338 | D:3      | Gained mutation: You have large cloven feet. [demonic ancestry]
  1338 | D:3      | Reached XP level 5. HP: 13/41 MP: 2/5
  1342 | D:3      | Gained mutation: Scrolls take you a little longer to read. [mutagenic meat]
  1344 | D:3      | Gained mutation: You are covered in fur. (AC +1) [mutagenic meat]
  1345 | D:3      | Gained mutation: Your mind is acute. (Int +2) [mutagenic meat]
  1346 | D:3      | Gained mutation: You possess an exceptional clarity of mind. [mutagenic meat]
  1347 | D:3      | Gained mutation: You are agile. (Dex +2) [mutagenic meat]
  1400 | D:3      | Noticed Robin
  1419 | D:3      | Killed Robin
  1419 | D:3      | Reached skill level 1 in Armour
  1514 | D:3      | Found a glowing drain.
  1839 | D:4      | Found a shattered altar of Ashenzari.
  1879 | D:4      | Found Sanyfur's Gadget Emporium.
  1987 | D:4      | Found Gidyrphiede's Food Emporium.
  2281 | D:5      | Entered Level 5 of the Dungeon
  2310 | D:5      | Reached XP level 6. HP: 48/48 MP: 6/6
  2479 | D:5      | Reached skill level 5 in Long Blades
  2694 | D:5      | Reached skill level 1 in Shields
  2778 | D:5      | Gained mutation: You regenerate health from kills. [demonic ancestry]
  2778 | D:5      | Reached XP level 7. HP: 54/54 MP: 7/7
  2887 | D:5      | Noticed Ijyb
  2899 | D:5      | Killed Ijyb
  3059 | D:5      | Noticed jaclynhyde's ghost (amateur HOBe)
  3122 | D:5      | Killed jaclynhyde's ghost
  3615 | D:5      | Reached skill level 6 in Long Blades
  3615 | D:5      | Reached XP level 8. HP: 41/60 MP: 4/8
  3730 | D:6      | Learned a level 2 spell: Blink
  3755 | D:6      | Found a staircase to the Ecumenical Temple.
  3765 | Temple   | Entered the Ecumenical Temple
  4080 | Temple   | Became a worshipper of Warmaster Okawaru
  4080 | Temple   | Reached * piety under Okawaru
  4080 | Temple   | Reached ** piety under Okawaru
  4266 | D:6      | Reached skill level 7 in Long Blades
  4306 | D:6      | Noticed Sigmund
  4311 | D:6      | Noticed Edmund
  4335 | D:6      | Killed Sigmund
  4385 | D:6      | Killed Edmund
  4385 | D:6      | Reached skill level 5 in Dodging
  4522 | D:6      | Gained mutation: Your movements are less encumbered by armour. (ER -4) [demonic ancestry]
  4522 | D:6      | Reached XP level 9. HP: 65/67 MP: 7/9
  4649 | D:7      | Reached skill level 5 in Fighting
  4659 | D:7      | Noticed Joseph
  4724 | D:7      | Killed Joseph
  4724 | D:7      | Reached *** piety under Okawaru
  4801 | D:7      | Noticed Menkaure
  4823 | D:7      | Killed Menkaure
  4823 | D:7      | Reached skill level 1 in Short Blades
  4896 | D:7      | Found Poiw's Armour Shop.
  4951 | D:7      | Found a sparkling altar of Nemelex Xobeh.
  5101 | D:7      | Reached skill level 8 in Long Blades
  5625 | D:8      | Reached skill level 5 in Armour
  5655 | D:8      | Reached **** piety under Okawaru
  6044 | D:8      | Reached XP level 10. HP: 31/76 MP: 4/10
  6106 | D:8      | Noticed a two-headed ogre
  6161 | D:8      | Noticed a two-headed ogre
  6268 | D:7      | Killed a two-headed ogre
  6268 | D:7      | Reached ***** piety under Okawaru
  6268 | D:7      | Reached skill level 9 in Long Blades
  6409 | D:8      | Found a staircase to the Lair.
  6606 | D:8      | Gained mutation: You have a pair of small antennae on your head. [mutagenic meat]
  6800 | D:8      | Killed a two-headed ogre
  6800 | D:8      | Reached skill level 1 in Maces & Flails
  6911 | D:8      | Noticed a gargoyle
  6913 | D:8      | Killed a gargoyle
  7251 | D:9      | Noticed Erolcha
  7271 | D:9      | Killed Erolcha
  7271 | D:9      | Reached skill level 5 in Shields
  7271 | D:9      | Reached XP level 11. HP: 83/83 MP: 11/11
  7360 | D:9      | Noticed Maurice
  7404 | D:9      | Killed Maurice
  8057 | Lair:1   | Entered Level 1 of the Lair of Beasts
  8161 | Lair:1   | Reached ****** piety under Okawaru
  8173 | Lair:1   | Received a gift from Okawaru
  8177 | Lair:1   | Got a polished dire flail {god gift}
  8183 | Lair:1   | Identified the +5 dire flail "Qimpaidi" {venom, Int+5} (Okawaru gifted it to you on level 1 of the Lair of Beasts)
  8677 | Lair:1   | Reached skill level 5 in Stealth
  8697 | Lair:1   | Reached skill level 5 in Maces & Flails
  9043 | Lair:2   | Received a gift from Okawaru
  9189 | Lair:2   | Got a faintly humming chain mail
  9207 | Lair:1   | Identified the cursed +0 chain mail "Ekih Des" {rF- rN+++ MR- Regen+} (You found it on level 2 of the Lair of Beasts)
  9228 | Lair:2   | Noticed an eight-headed hydra
  9239 | Lair:2   | Slain by an eight-headed hydra

Vault maps used:
D:1:      sevenhm_arrival_forest_fort_small_6, nrook_mini_backslash,
          roderic_nine_men_s_morris
D:2:      st_stairs_4
D:3:      gup_sewer_entry_pipe, uniq_robin
D:4:      serial_shops, shop, shop, first_bread, cheibrodos_ashenzari_chains
D:5:      uniq_ijyb
D:6:      minmay_temple_entry_junction, uniq_edmund, uniq_sigmund
D:7:      nemelex_xobeh_ov_fountains_minmay, serial_shops, shop, uniq_joseph,
          uniq_menkaure
D:8:      lair_entry_dummy
D:9:      serial_column_ruins, column_ruins_circle_medium,
          column_ruins_corridor_corner, column_ruins_open_large,
          column_ruins_columns_straight, uniq_maurice, uniq_erolcha
Temple:   nicolae_temple_the_god_donut
Lair:1:   beast_lair_carwin_10, grunt_megastairs_1, lemuel_fruit_tree
Lair:2:   minmay_lair_oklob_chamber, uniq_nergalle

Skill      XL: |  1  2  3  4  5  6  7  8  9 10 11 |
---------------+----------------------------------+-----
Long Blades    | 3 4 5 6 7 8 9 |  9.2
Dodging        | 3 4 5 6 7 |  7.8
Stealth        | 2 3 4 5 |  5.1
Armour         | 1 2 3 4 5 |  5.5
Shields        | 1 2 3 5 |  5.1
Fighting       | 4 5 6 7 |  7.3
Short Blades   | 1 2 3 |  3.2
Maces & Flails | 2 6 |  6.0
Throwing       | |  0.6
Evocations     | |  0.2

Action                   |  1- 3 |  4- 6 |  7- 9 | 10-12 || total
-------------------------+-------+-------+-------+-------++-------
Melee: Falchion          |   127 |   207 |   728 |    45 ||  1107
       Kick              |       |    54 |   176 |       ||   230
       Dagger            |       |       |    50 |   142 ||   192
       Flail             |       |       |       |   183 ||   183
       Dire flail        |       |       |       |    97 ||    97
       Short sword       |       |       |       |    15 ||    15
Throw: Tomahawk          |       |       |     2 |     6 ||     8
Evoke: Wand              |       |       |     3 |     1 ||     4
  Use: Potion            |       |     9 |     2 |       ||    11
       Scroll            |       |       |     4 |    12 ||    16
 Stab: Sleeping          |     6 |     4 |       |     9 ||    19
       Paralysed         |       |       |     5 |     3 ||     8
  Eat: Chunk             |       |    13 |    12 |    12 ||    37
Armor: Robe              |    13 |       |       |       ||    13
       Leather armour    |    17 |    37 |    18 |   129 ||   201
       Ring mail         |       |    43 |   227 |       ||   270
       Skin              |       |       |    29 |     6 ||    35
       Chain mail        |       |       |       |    14 ||    14
Dodge: Dodged            |    91 |   137 |   375 |   333 ||   936
Block: Buckler           |       |    45 |   146 |    95 ||   286
       Rpst.: Falchion   |    24 |    36 |   107 |     2 ||   169

Table legend:
 A = Spawn XP
 B = Non-spawn XP
 C = Spawn XP percentage of total XP
 D = Spawn monster count
 E = Non-spawn monster count
 F = Spawn count percentage of total count
 G = Total turns spent on level
                    A         B        C        D         E        F      G
               +---------+---------+-------+---------+---------+-------+---------
         Total |       0 |   17932 |   0.0 |       0 |     237 |   0.0 |  9239
               +---------+---------+-------+---------+---------+-------+---------
           D:1 |       0 |      52 |   0.0 |       0 |      25 |   0.0 |   670
           D:2 |       0 |      71 |   0.0 |       0 |      19 |   0.0 |   456
           D:3 |       0 |     191 |   0.0 |       0 |      26 |   0.0 |   588
           D:4 |       0 |      84 |   0.0 |       0 |       6 |   0.0 |   686
           D:5 |       0 |    1061 |   0.0 |       0 |      29 |   0.0 |  1213
           D:6 |       0 |    1357 |   0.0 |       0 |      26 |   0.0 |   678
           D:7 |       0 |    2351 |   0.0 |       0 |      24 |   0.0 |   855
           D:8 |       0 |    5031 |   0.0 |       0 |      37 |   0.0 |  1691
           D:9 |       0 |    2059 |   0.0 |       0 |      17 |   0.0 |   879
        Lair:1 |       0 |    4539 |   0.0 |       0 |      22 |   0.0 |   930
        Lair:2 |       0 |    1136 |   0.0 |       0 |       6 |   0.0 |   252
               +---------+---------+-------+---------+---------+-------+---------
